cohdb
Replays
Latest Replays
All Replays
Popular Replays
Top Player Replays
Match Explorer
How It Works
Community
CoH3 Stats
Reddit
Sign in to upload your games and track your stats! →
Sign in with Steam
Match 42633619
Unlisted
Match 42633619
Overview
Messages
Build Orders
End
Vickers Machine Gun Team
Construct Section Command Post
Dingo Light Scout Car
Infantry Section
Infantry Section
Selects Air and Sea Battlegroup
Selects Supply Surplus
Construct Resource Cache
Construct Platoon Command Post
Construct Resource Cache
Construct Field Infirmary
Infantry Training
Construct Company Command Post
Unlock M3 Grant Medium Tanks
AI Takeover
我真的不是驴
THE one-冰封夕阳
人老打不动游戏了
子清
B1t
SkyCurv
飞云岩射蟹
Link626
0
0
Comments
sign in to comment!
No comments posted yet!